 Dungeon Crawl Stone Soup version 0.20.1-1-g8b1a95d66d (webtiles) character file.

245 Indrah222 the Charlatan (level 6, -8/30 HPs)
             Began as a Vine Stalker Artificer on Nov 20, 2017.
             Was an Initiate of Ashenzari.
             Killed themself with a badly aimed fireball (10 damage)
             ... on level 3 of the Dungeon.
             The game lasted 00:30:41 (2446 turns).

Indrah222 the Charlatan (Vine Stalker Artificer)    Turns: 2446, Time: 00:30:41

Health: -8/30      AC:  5    Str: 17    XL:     6   Next: 10%
Magic:  0/9        EV: 10    Int: 11    God:    Ashenzari [......]
Gold:   65         SH:  8    Dex: 14    Spells: 5/5 levels left

rFire    . . .     SeeInvis .   a - +0 short sword (curse)
rCold    . . .     Gourm    .   r - +0 shield
rNeg     . . .     Faith    +   b - +0 leather armour
rPois    .         Spirit   +   y - +1 helmet
rElec    .         Reflect  .   (no cloak)
rCorr    .         Harm     .   (no gloves)
MR       .....                  (no boots)
Stlth    ++........             v - amulet of faith (curse)
Regen    0.5/turn               (no ring)
MPRegen  0.2/turn               (no ring)

@: no status effects
A: fangs 2, regeneration 1, magic shield, antimagic bite, no potion heal 3, rot
immunity
a: Curse Item, Renounce Religion


You were on level 3 of the Dungeon.
You worshipped Ashenzari.
Ashenzari was noncommittal.
You were not hungry.

You visited 1 branch of the dungeon, and saw 3 of its levels.

You collected 65 gold pieces.

Inventory:

Hand Weapons
 a - a cursed +0 short sword (weapon)
 j - a +0 spear
 t - a +0 blowgun
Missiles
 m - 13 stones (quivered)
 C - 12 poisoned needles
Armour
 b - a +0 leather armour (worn)
 r - a +0 shield (worn)
 x - a +0 large shield
 y - a +1 helmet (worn)
Jewellery
 k - a +1 ring of evasion
 v - a cursed amulet of faith (around neck)
Wands
 c - a wand of flame (3/48)
 d - a wand of enslavement (14/24)
 e - a wand of random effects (13/48)
Scrolls
 n - a scroll of immolation {unknown}
 p - a scroll of fear {unknown}
 z - a scroll of fog {unknown}
 B - 2 scrolls of enchant weapon {unknown}
Potions
 i - a potion of mutation {unknown}
 l - a potion of agility {unknown}
 q - a potion of curing
 s - a potion of cancellation {unknown}
 u - a potion of haste {unknown}
 A - 2 potions of flight
Comestibles
 f - 2 bread rations
 g - 2 meat rations
 h - 2 royal jellies
 o - 4 fruits


   Skills:
 + Level 1.6 Fighting
 * Level 2.0 Short Blades
 + Level 2.7 Dodging
 * Level 3.5 Stealth
 + Level 1.3 Shields
 * Level 3.8 Evocations


You had 5 spell levels left.
You didn't know any spells.

Dungeon Overview and Level Annotations

Branches:
Dungeon (3/15)

Altars:
Ashenzari
Kikubaaqudgha


Innate Abilities, Weirdness & Mutations

You have extremely sharp teeth.
Your natural rate of healing is unusually fast.
When hurt, damage is shared between your health and your magic reserves.
Your bite disrupts and absorbs the magic of your enemies.
Potions cannot restore your health.
You are immune to rotting.


Message History

The orc wizard is almost dead.
This wand has 3 charges left.
You block the orc wizard's attack.
Evoke which item? (* to show all) (? for menu, Esc to quit)
Aiming: Random Effects
Press: ? - help, Shift-Dir - straight line, f/p - orc wizard
Aim: an orc wizard, wielding a dagger and wearing a robe (almost dead)
The orc wizard seems to slow down.
This wand has 13 charges left.
Evoke which item? (* to show all) (? for menu, Esc to quit)
Aiming: Random Effects
Press: ? - help, Shift-Dir - straight line, f/p - orc wizard
Aim: an orc wizard, wielding a dagger and wearing a robe (almost dead, slow)
The fireball explodes!
The fireball engulfs the orc wizard.
You kill the orc wizard!
Your Short Blades skill increases to level 2!
You have reached level 6!
Your experience leads to an increase in your attributes!
Increase (S)trength, (I)ntelligence, or (D)exterity?
You feel stronger. The fireball engulfs you!
You die...

.........#######
####.#.........#######
..##..#..#####<.......
#.##.###.#############
#..[## ##...........#
#.##.###.##########.#
..###.#.## #.#
.#.###..###########.#
................@)#.#
...###..#########)#.#
........# #.#.#
...####.# #)..#
..#####.# #..##
........# #..#
#..###### #..# #...#
#..# #.#.# #..#


There were no monsters in sight!

Vanquished Creatures
  A black bear (D:3)
  An orc wizard (D:3)
  An orc priest (D:3)
  A gnoll (D:2)
  2 adders (D:2)
  2 oozes (D:2)
  A dart slug (D:2)
  An orc (D:3)
  A ball python (D:2)
  8 bats
  2 giant cockroaches (D:2)
  6 hobgoblins
  6 jackals (D:2)
  2 frilled lizards (D:2)
  4 goblins
  12 kobolds
  5 rats
56 creatures vanquished.

Vanquished Creatures (others)
  A jackal (D:2)
1 creature vanquished.

Grand Total: 57 creatures vanquished

Notes
Turn   | Place    | Note
-------+----------+-------------------------------------------
     0 | D:1      | Indrah222 the Vine Stalker Artificer began the quest for the Orb.
     0 | D:1      | Reached XP level 1. HP: 9/9 MP: 3/3
    93 | D:1      | Reached skill level 1 in Fighting
   246 | D:1      | Reached XP level 2. HP: 14/14 MP: 5/5
  1147 | D:2      | Reached skill level 1 in Short Blades
  1195 | D:2      | Reached XP level 3. HP: 14/18 MP: 6/6
  1579 | D:2      | Found a shattered altar of Ashenzari.
  1587 | D:2      | Became a worshipper of Ashenzari the Shackled
  1723 | D:2      | Gained mutation: Your natural rate of healing is unusually fast. [Vine Stalker growth]
  1723 | D:2      | Reached XP level 4. HP: 22/22 MP: 7/7
  1827 | D:2      | Reached skill level 1 in Shields
  2302 | D:3      | Noticed a black bear
  2328 | D:3      | Found an ancient bone altar of Kikubaaqudgha.
  2358 | D:3      | Killed a black bear
  2358 | D:3      | Reached XP level 5. HP: 22/26 MP: 8/8
  2441 | D:3      | HP: 1/26 [orc wizard/magic dart (6)]
  2446 | D:3      | Reached XP level 6. HP: 2/30 MP: 0/9
  2446 | D:3      | Killed themself with a badly aimed fireball

Skill      XL: |  1  2  3  4  5 |
---------------+----------------+-----
Fighting       | 1 |  1.6
Dodging        | 2 |  2.7
Short Blades   | 1 2 |  2.0
Stealth        | 2 3 |  3.5
Evocations     | 3 |  3.8
Shields        | 1 |  1.3

Action                   |  1- 3 |  4- 6 || total
-------------------------+-------+-------++-------
Melee: Short sword       |    80 |    78 ||   158
       Bite              |    19 |    23 ||    42
Throw: Stone             |     2 |       ||     2
Invok: Curse Item        |       |     2 ||     2
Evoke: Wand              |     7 |     8 ||    15
  Use: Scroll            |     1 |     3 ||     4
       Potion            |       |     1 ||     1
 Stab: Sleeping          |     4 |       ||     4
  Eat: Chunk             |     2 |     3 ||     5
Armor: Leather armour    |    22 |    10 ||    32
Dodge: Dodged            |    37 |    27 ||    64
Block: Shield            |    21 |    27 ||    48
